AoeStats
← MiisaMiisa7

Black Forest

509172486Analyzed
4v4 RM · 8d ago on Sep 25, 2026· 51m 37s· 8 players
Game mode
Random Map
Map size
Large (8 player)
Population
200
Speed
Normal
Resources
Standard
Victory
Conquest
Starting age
Dark Age
Ending age
Imperial Age
RankedLock teamsTeams togetherTeam positionsShared explorationLock speedFull tech treeHidden civsTurbo modeCheats
Victory
Defeat
🇩🇪 Varangians · Germany
991
+14
🇩🇪 Turks · Germany
985
+14
🇩🇪 Khmer · Germany
951
+15
🇩🇪 Franks · Germany
863
+19
🇸🇪 Slavs · Sweden
962
-17
🇦🇷 Inca · Argentina
934
-15
🇹🇷 Franks · Türkiye
918
-15
🇹🇷 Ethiopians · Türkiye
917
-15
ADORNI
10:40 Loom
12:26 Feudal Age
17:57 Castle Age
16:50 Double-Bit Axe
16:51 Horse Collar
17:03 Gold Mining
18:34 Crossbowman
20:16 Wheelbarrow
20:15 Squires
22:17 Heavy Plow
23:47 Hand Cart
26:03 Bow Saw
27:11 Gold Shaft Mining
28:05 Caravan
29:30 Stone Mining
29:44 Padded Archer Armor
29:35 Fletching
29:29 Elite Skirmisher
29:38 Pikeman
31:16 Andean Sling
31:25 Scale Mail Armor
36:32 Bodkin Arrow
36:53 Leather Archer Armor
40:08 Imperial Age
39:58 Town Watch
40:45 Ballistics
40:21 Murder Holes
40:07 Treadmill Crane
40:56 Chain Mail Armor
40:52 Forging
41:53 Elite Kamayuk
43:53 Conscription
45:58 Chemistry
45:30 Ring Archer Armor
45:01 Bracer
46:28 Fabric Shields
48:34 Arbalester
49:20 Thumb Ring
KRISTO
0:26 Loom
14:01 Feudal Age
14:21 Man-at-Arms
15:53 Double-Bit Axe
23:18 Castle Age
21:28 Stone Mining
21:23 Horse Collar
22:54 Gold Mining
25:12 Heavy Plow
25:24 Bow Saw
28:55 Forging
28:39 Fletching
31:12 Pikeman
35:01 Imperial Age
33:10 Wheelbarrow
33:24 Pikeman
34:05 Squires
34:40 Detinets
35:33 Halberdier
37:10 Iron Casting
36:36 Scale Mail Armor
36:09 Capped Ram
37:15 Ballistics
37:32 Town Watch
40:34 Blast Furnace
41:25 Onager
42:06 Murder Holes
44:00 Chemistry
MAD
0:35 Loom
12:30 Feudal Age
13:53 Horse Collar
14:28 Double-Bit Axe
21:07 Castle Age
19:03 Gold Mining
19:52 Stone Mining
23:10 Stone Shaft Mining
23:12 Wheelbarrow
24:21 Caravan
27:08 Gold Shaft Mining
27:11 Heavy Plow
27:34 Bow Saw
28:43 Hand Cart
28:35 Fletching
31:24 Ballistics
31:59 Fletching
32:10 Padded Archer Armor
44:20 Imperial Age
44:40 Heavy Scorpion
51:44 Chemistry
karaokur
0:32 Loom
12:25 Feudal Age
13:37 Double-Bit Axe
15:12 Wheelbarrow
19:46 Castle Age
18:06 Stone Mining
18:48 Gold Mining
23:17 Hand Cart
24:12 Bow Saw
31:45 Imperial Age
29:49 Caravan
30:56 Gold Shaft Mining
31:22 Husbandry
31:39 Forging
31:35 Scale Barding Armor
31:47 Cavalier
34:35 Paladin
38:10 Iron Casting
39:58 Town Watch
40:36 Chain Barding Armor
43:41 Plate Barding Armor
44:07 Blast Furnace
Toschie
1:53 Loom
1:58 Loom
11:17 Feudal Age
14:46 Castle Age
13:16 Double-Bit Axe
13:15 Horse Collar
15:40 Wheelbarrow
16:47 Bow Saw
24:06 Town Watch
24:53 Heavy Plow
28:01 Scale Barding Armor
28:34 Husbandry
28:45 Bloodlines
33:15 Imperial Age
32:17 Chain Barding Armor
32:14 Masonry
33:43 Ballistics
33:56 Hand Cart
33:42 Town Patrol
33:46 Elite Ballista Elephant
36:59 Double Crossbow
38:34 Chemistry
38:05 Architecture
38:24 Crop Rotation
39:28 Plate Barding Armor
46:54 Tusk Swords
46:19 Elite Battle Elephant
MiisaMiisa7
13:55 Feudal Age
15:02 Double-Bit Axe
15:07 Loom
17:59 Castle Age
19:38 Bow Saw
19:18 Horse Collar
23:13 Imperial Age
23:18 Heavy Plow
25:16 Wheelbarrow
39:06 Gold Mining
40:18 Two-Man Saw
39:26 Padded Archer Armor
41:20 Ballistics
41:27 Leather Archer Armor
50:45 Ring Archer Armor
Knurzfoten
11:42 Feudal Age
13:17 Wheelbarrow
12:58 Double-Bit Axe
13:13 Gold Mining
19:05 Castle Age
22:08 Husbandry
22:32 Bow Saw
23:48 Scale Barding Armor
25:01 Hand Cart
37:18 Imperial Age
35:48 Chain Barding Armor
35:26 Loom
35:26 Town Watch
37:50 Coinage
37:20 Caravan
37:48 Town Patrol
40:28 Banking
41:11 Cavalier
42:52 Paladin
44:10 Plate Barding Armor
50:46 Stone Mining
51:37 Gold Shaft Mining
51:09 Padded Archer Armor
51:09 Scale Mail Armor
51:19 Forging
51:00 Fletching
50:32 Pikeman
50:33 Man-at-Arms
50:36 Light Cavalry
51:47 Illumination
51:24 Devotion
51:45 Sanctity
51:23 Herbal Medicine
52:05 Theocracy
51:51 Heresy
51:44 Squires
51:30 Arson
51:30 Gambesons
52:22 Conscription
52:39 Hoardings
51:26 Elite Throwing Axeman
51:28 Ordonnance Companies
Adanos91
8:20 Loom
11:37 Feudal Age
17:22 Castle Age
15:27 Horse Collar
16:22 Double-Bit Axe
20:07 Gold Mining
20:08 Stone Mining
20:33 Bow Saw
20:26 Heavy Plow
22:16 Wheelbarrow
24:10 Husbandry
24:22 Bloodlines
26:41 Hand Cart
26:50 Husbandry
28:37 Forging
28:32 Scale Barding Armor
28:39 Vendel Legacy
30:58 Iron Casting
37:47 Imperial Age
35:37 Squires
35:25 Gambesons
36:32 Stone Shaft Mining
38:21 Arson
40:07 Blast Furnace
38:59 Cavalier
40:57 Caravan
41:38 Pikeman
42:59 Gothikon
44:51 Elite Varangian Guard
46:52 Scale Mail Armor
46:39 Halberdier
Connection lost

Rejoining the realm…

Still unreachable

The connection could not be restored.

Session expired

The server has moved on; the page needs a fresh start.